 Dungeon Crawl Stone Soup version 0.29.1-12-g30fa7ad0bf (webtiles) character file.

Game seed: 1888076546330208405

28 hawla the Firebug (level 3, -9/26 HPs)
             Began as a Meteoran Fire Elementalist on Jan 11, 2023.
             Mangled by an ogre
             ... wielding a +0 giant club
              (35 damage)
             ... on level 4 of the Dungeon.
             The game lasted 00:02:15 (456 turns).

hawla the Firebug (Meteoran Fire Elementalist)       Turns: 456, Time: 00:02:16

Health: -9/26      AC:  3    Str:  9    XL:     3   Next: 47%
Magic:  6/8        EV: 12    Int: 18    God:
Gold:   47         SH:  0    Dex: 15    Spells: 5/8 levels left

rFire   . . .      SeeInvis .   (no weapon)
rCold   . . .      Faith    .   (no shield)
rNeg    . . .      Spirit   .   a - +0 robe
rPois   .          Reflect  .   c - +0 helmet
rElec   .          Harm     .   (no cloak)
rCorr   .          Rampage  .   (no gloves)
Will    .....                   (no boots)
Stlth   +.........              (no amulet)
HPRegen 0.08/turn               (no ring)
MPRegen 0.11/turn               (no ring)

@: glowing
A: sense surroundings 1, otherworldly, glowing, explore regen
a: no special abilities


You were on level 4 of the Dungeon.
You visited 1 branch of the dungeon, and saw 4 of its levels.

You collected 47 gold pieces.

Inventory:

Armour
 a - a +0 robe (worn)
 c - a +0 helmet (worn)
Wands
 e - a wand of iceblast (8)
Potions
 b - a potion of magic


   Skills:
 + Level 2.6 Dodging
 - Level 1.4 Stealth
 + Level 3.3 Spellcasting
 + Level 1.5 Conjurations
 + Level 4.4 Fire Magic


You had 5 spell levels left.
You knew the following spells:

 Your Spells              Type           Power      Damage    Failure   Level
a - Foxfire               Conj/Fire      52%        2x1d6     4%          1
b - Scorch                Fire           38%        2d7       3%          2

Your spell library contained the following spells:

 Spells                   Type           Power      Damage    Failure   Level
 Conjure Flame            Conj/Fire      13%        6-21      14%         3
 Static Discharge         Conj/Air       5%         3-4/arc   17%         2
 Inner Flame              Hex/Fire       10%        N/A       19%         3
 Call Canine Familiar     Summ           2%         N/A       43%         3
 Portal Projectile        Hex/Tloc       4%         N/A       43%         3
 Flame Wave               Conj/Fire      13%        2d6       43%         4
 Sticky Flame             Conj/Fire      13%        2d4       43%         4
 Dispel Undead            Necr           2%         3d7       85%         4
 Leda's Liquefaction      Hex/Erth       1%         N/A       85%         4


Dungeon Overview and Level Annotations

Branches:
Dungeon (4/15) Zot: 1943
 Temple: D:4-7

Altars:

Shops:
D:1 (


Innate Abilities, Weirdness & Mutations

You passively map a small area around you.
You are easily found by Zot.
You glow in the dark.
You regain HP and MP as you explore.


Message History

Flames lash the adder.
You kill the adder!
A bat comes into view.
The foxfire hits the bat.
The bat is severely wounded.
The foxfire hits the bat.
You kill the bat!
You have reached level 3!
Your experience leads to an increase in your attributes!
Increase (S)trength, (I)ntelligence, or (D)exterity?
You feel clever. x2; You feel agile.
There is an escape hatch in the floor here.
You see here a bat corpse.
You slide downwards.
The hatch slams shut behind you.
Found a stone staircase leading up.
There is a stone staircase leading up here.
Magic restored.
A kobold comes into view. It is wielding a +0 dagger.
The kobold shouts!
Casting: Scorch (safe; 3% risk of failure)
Confirm with . or Enter, or press ? or * to list all spells.
You conjure some foxfire!
The foxfire hits the kobold but does no damage.
The foxfire hits the kobold.
The kobold is moderately wounded.
Casting: Foxfire (safe; 4% risk of failure)
Confirm with . or Enter, or press ? or * to list all spells.
You conjure some foxfire!
The foxfire hits the kobold.
You kill the kobold!
You see here a +0 dagger.
Your foxfire dissipates!
An ogre comes into view. It is wielding a +0 giant club.
Casting: Foxfire (safe; 4% risk of failure)
Confirm with . or Enter, or press ? or * to list all spells.
Flames lash the ogre.
The ogre is moderately wounded.
The ogre's fire resistance burns away.
The ogre hits you with a +0 giant club!!
Ouch! That really hurt!
You die...

#..# , , * ,
#.## ** , ,
#.########
#........# ,
#..#####.#
#..# #.# #..#
#.# ##.# #.#
#.#** #@# * ,
#.....O......#
*
#########.####
* ... , ###


You could see an ogre (combustible).

Vanquished Creatures
  An adder (D:3)
  A dart slug (D:2)
  3 ball pythons
  2 endoplasms (D:2)
  3 goblins (D:1)
  2 kobolds
  2 bats
  2 rats (D:1)
16 creatures vanquished.

Vanquished Creatures (others)
  31 foxfires
31 creatures vanquished.

Grand Total: 47 creatures vanquished

Notes
Turn   | Place    | Note
-------+----------+-------------------------------------------
     0 | D:1      | hawla the Meteoran Fire Elementalist began the quest for
                  | the Orb.
     0 | D:1      | Reached XP level 1. HP: 14/14 MP: 5/5
   119 | D:1      | Reached XP level 2. HP: 9/20 MP: 4/6
   123 | D:1      | Reached skill level 4 in Fire Magic
   126 | D:1      | Learned a level 2 spell: Scorch
   136 | D:1      | Found Nidius's Weapon Boutique.
   223 | D:2      | Found a faded altar of an unknown god.
   225 | D:2      | Noticed a shining eye
   232 | D:2      | Noticed a golden eye
   232 | D:2      | Noticed an eye of devastation
   232 | D:2      | Noticed a great orb of eyes
   402 | D:3      | Reached XP level 3. HP: 26/26 MP: 3/8
   455 | D:4      | Noticed an ogre
   456 | D:4      | Mangled by an ogre

Illustrated notes

Levels and vault maps discovered:
D:1:      wander_arrival_chamber, layout_loops_ring, serial_forest,
          infiniplex_forest_clump_curved, infiniplex_forest_end_2,
          infiniplex_forest_clump_cross, infiniplex_forest_zigzag_2,
          infiniplex_forest_clump_tiny, serial_shops,
          nicolae_shop_bloodbath_and_beyond
D:2:      layout_loops_corners, hellmonk_ecumenical_altar_watching_god,
          corexii_leaking_fountain
D:3:      layout_basic, nicolae_wu_jian_wuxing_cycle, minivault_23
D:4:      layout_loops_cross, nemelex_xobeh_ov_fountains_minmay

Skill      XL: |  1  2 |
---------------+-------+-----
Fire Magic     | 4 |  4.4
Spellcasting   | 3 |  3.3
Dodging        | |  2.6
Stealth        | |  1.4
Conjurations   | |  1.5

Action                   || total
-------------------------++-------
Melee: Unarmed           ||    16
 Cast: Foxfire           ||    21
       Scorch            ||     3
  Use: Scroll            ||     3
Armor: Robe              ||     4
Dodge: Dodged            ||     8
